AoeStats
← Alex

Arabia

510333056Analyzed
1v1 RM · 1d ago on Sep 30, 2026· 59m 14s· 2 players
Game mode
Random Map
Map size
Tiny (2 player)
Population
200
Speed
Normal
Resources
Standard
Victory
Conquest
Starting age
Dark Age
Ending age
Imperial Age
RankedLock teamsTeams togetherTeam positionsShared explorationLock speedFull tech treeHidden civsTurbo modeCheats
Victory
Defeat
🇩🇪 Saxons · Germany
1525
+18
🇺🇸 Franks · United States
1560
-18
Alex
6:38 Loom
9:07 Feudal Age
10:03 Double-Bit Axe
11:34 Horse Collar
18:52 Castle Age
17:40 Fletching
18:58 Padded Archer Armor
18:59 Gold Mining
20:27 Bow Saw
20:47 Bodkin Arrow
23:25 Thumb Ring
24:33 Husbandry
25:41 Ballistics
26:20 Leather Archer Armor
27:57 Bloodlines
30:09 Wheelbarrow
32:25 Elite Skirmisher
37:03 Imperial Age
37:47 Bracer
37:24 Cranequins
44:36 Ring Archer Armor
45:06 Hand Cart
44:37 Town Watch
45:47 Scale Mail Armor
45:57 Forging
47:59 Elite Varangian Guard
49:37 Iron Casting
49:12 Squires
49:31 Chain Mail Armor
50:25 Pikeman
50:56 Arson
52:12 Plate Mail Armor
54:35 Two-Man Saw
53:28 Halberdier
54:47 Shield Wall
56:12 Gambesons
58:33 Conscription
57:33 Elite Hearth Troop
Dieu Tan
6:20 Loom
8:56 Feudal Age
9:47 Double-Bit Axe
16:35 Wheelbarrow
19:42 Castle Age
19:11 Fletching
19:22 Padded Archer Armor
20:25 Gold Mining
20:48 Bow Saw
20:57 Husbandry
21:01 Bodkin Arrow
26:12 Leather Archer Armor
29:41 Ballistics
33:49 Imperial Age
33:20 Scale Barding Armor
33:27 Forging
35:19 Chain Barding Armor
35:35 Iron Casting
38:58 Cranequins
41:56 Cavalier
47:31 Plate Barding Armor
49:22 Hand Cart
48:52 Town Watch
50:30 Blast Furnace
51:11 Paladin
55:47 Scale Mail Armor
56:50 Chain Mail Armor
56:28 Light Cavalry
Connection lost

Rejoining the realm…

Still unreachable

The connection could not be restored.

Session expired

The server has moved on; the page needs a fresh start.